 Dungeon Crawl Stone Soup version 0.31-a0-321-g19405a7a6a (webtiles) character file.

Game seed: 12782089069117228479

112 LeprechaunX the Changeling (level 4, -4/30 HPs)
             Began as an Octopode Shapeshifter on July 18, 2023.
             Succumbed to a kobold brigand's curare-tipped dart
             ... in a sewer.
             The game lasted 00:04:17 (1651 turns).

LeprechaunX the Changeling (Octopode Shapeshifter)  Turns: 1651, Time: 00:04:17

Health: -4/30      AC:  1    Str: 16    XL:     4   Next: 95%
Magic:  4/4        EV: 13    Int: 10    God:
Gold:   132        SH:  0    Dex: 12    Spells: 3/3 levels left

rFire   . . .        a - +0 sling
rCold   . . .        (no shield)
rNeg    . . .        (helmet currently unavailable)
rPois   .            (no amulet)
rElec   .            f - ring of resist corrosion
rCorr   +            (no ring)
SInv    .            (no ring)
Will    .....        (no ring)
Stlth   +++          (no ring)
HPRegen 0.25/turn    (no ring)
MPRegen 0.09/turn    (no ring)
                     (no ring)

%: no passive effects
@: lethally poisoned (-4 -> -15), beast-form, slowed, very slow
A: beast (slay +2), almost no armour, amphibious, 8 rings, camouflage 1,
gelatinous body 1, nimble swimmer 1, tentacles
a: Begin Untransformation


You were in a sewer.
You were a hulking beast.
You visited 1 branch of the dungeon, and saw 3 of its levels.
You also visited: Sewer.

You collected 132 gold pieces.

Inventory:

Hand Weapons
 a - a +0 sling (weapon)
Jewellery
 f - a ring of resist corrosion (left tentacle)
 q - a ring of fire
Talismans
 b - a beast talisman
 p - a maw talisman
Scrolls
 c - a scroll of immolation {unknown}
 e - a scroll of noise {unknown}
 g - a scroll of vulnerability {unknown}
 k - a scroll of identify {unknown}
 l - a scroll of amnesia {unknown}
Potions
 d - a potion of enlightenment {unknown}
 h - a potion of attraction {unknown}
 i - a potion of lignification
 j - a potion of heal wounds {unknown}
 m - a potion of cancellation {unknown}
 n - a potion of haste {unknown}
 o - a potion of brilliance {unknown}


   Skills:
 + Level 2.7 Fighting
 - Level 1.0 Ranged Weapons
 + Level 2.7 Dodging
 - Level 3.0 Unarmed Combat
 * Level 3.6 Shapeshifting


You had 3 spell levels left.
You didn't know any spells.
Your spell library contained the following spells:

 Spells                   Type           Power      Damage    Failure   Level
 Kiss of Death            Conj/Necr      0%         2d5       36%         1
 Confusing Touch          Hex            0%         N/A       75%         3
 Dispel Undead            Necr           0%         3d6       98%         4


Dungeon Overview and Level Annotations

Branches:
Dungeon (3/15)              Sewer (1/1)

Altars:


Innate Abilities, Weirdness & Mutations

You are a hulking beast.
Your limbs bulge with bestial killing power. (Slay +2)
You cannot wear most types of armour.
You are amphibious.
You can wear up to eight rings at the same time.
Your skin changes colour to match your surroundings (Stealth+).
Your rubbery body absorbs attacks. (AC +1, EV +1)
You are camouflaged when in or above water. (Stealth+)
You have tentacles for arms and can constrict up to eight enemies at once.


Message History

The sling bullet hits the kobold brigand.
The kobold brigand is heavily wounded.
You shoot a sling bullet.
The sling bullet closely misses the kobold brigand.
The sling bullet hits the kobold.
You kill the kobold!
The kobold brigand throws a curare-tipped dart.
The curare-tipped dart barely misses you.
You shoot a sling bullet.
The sling bullet hits the kobold brigand.
The kobold brigand is severely wounded.
The kobold brigand throws a curare-tipped dart.
The curare-tipped dart hits you.
You are poisoned.
You have difficulty breathing.
You feel yourself slow down.
You shoot a sling bullet.
The sling bullet closely misses the kobold brigand.
You feel very sick.
The kobold brigand throws a curare-tipped dart.
The curare-tipped dart hits you.
You are lethally poisoned!
You have difficulty breathing.
* * * LOW HITPOINT WARNING * * *
You feel as though you will be slow longer.
Okay, then.
Unknown command.
You are too injured to fight recklessly!
Fire: a) +0 sling
Press: ? - help, Q - select action Shift-Dir - straight line, f/p - kobold brigand
Aim: a kobold brigand, wielding a +0 dagger of draining and quivering curare-tipped darts (severely wounded, 51% to hit)
You shoot a sling bullet.
The sling bullet barely misses the kobold brigand.
* * * LOW HITPOINT WARNING * * *
You feel extremely sick.
Fire: a) +0 sling
Press: ? - help, Q - select action Shift-Dir - straight line, f/p - kobold brigand
Aim: a kobold brigand, wielding a +0 dagger of draining and quivering curare-tipped darts (severely wounded, 51% to hit)
You shoot a sling bullet.
The sling bullet barely misses the kobold brigand.
You die...

### ############ #∩#
#..........###.###
#.~~K~~...~......####
...#.K≈≈≈~~~~~~~~~~~~~≈≈
...)~K≈h≈≈≈≈≈≈≈≈≈≈≈≈≈≈≈≈
...#~~≈≈≈~~~~~~~≈~~~~≈≈≈
#~~~K~~..~~~.~...####
#..~.~~..~.#######
#########~## #~# #~# #~#
#~#


You could see a kobold brigand and 3 kobolds.

Vanquished Creatures
  2 river rats
  An adder (D:2)
  5 worms
  3 dart slugs
  2 orcs (D:2)
  3 bats
  5 endoplasms (D:2)
  3 giant cockroaches
  4 hobgoblins
  13 kobolds
  5 ball pythons
  4 frilled lizards
  5 goblins (D:1)
  11 rats
66 creatures vanquished.

Notes
Turn   | Place    | Note
-------+----------+-------------------------------------------
     0 | D:1      | LeprechaunX the Octopode Shapeshifter began the quest for
                  | the Orb.
     0 | D:1      | Reached XP level 1. HP: 14/14 MP: 1/1
   131 | D:1      | Reached XP level 2. HP: 19/19 MP: 2/2
   633 | D:2      | Reached XP level 3. HP: 23/24 MP: 3/3
   850 | D:2      | Reached XP level 4. HP: 30/30 MP: 4/4
  1555 | D:3      | Found a glowing drain.
  1562 | Sewer    | Entered a sewer
  1568 | Sewer    | Reached skill level 1 in Ranged Weapons
  1638 | Sewer    | Noticed a kobold brigand
  1650 | Sewer    | HP: 1/30 [poisoned by a kobold brigand (curare-tipped
                  | dart)]
  1651 | Sewer    | Succumbed to a kobold brigand's curare-tipped dart

Illustrated notes

Levels and vault maps discovered:
D:1:      erik_arrival_blinker_ship, layout_loops_ring
D:2:      layout_loops_ring, serial_glass, glass_columns_a, glass_columns_a,
          minmay_quantized
D:3:      layout_rooms, portal_sewer_entry_b, minmay_misc_feat_square,
          minmay_goblin_outpost
Sewer:    sewer_kobolds

Skill      XL: |  1  2  3  4 |
---------------+-------------+-----
Unarmed Combat | 3 |  3.0
Ranged Weapons | 1 |  1.0
Fighting       | |  2.7
Dodging        | |  2.7
Shapeshifting  | |  3.6

Action                     |  1- 3 |  4- 6 || total
---------------------------+-------+-------++-------
  Melee: Unarmed           |    46 |    31 ||    77
         Constrict         |    15 |     8 ||    23
         Tentacles         |     9 |     4 ||    13
         Punch             |     1 |     1 ||     2
   Fire: Sling             |    32 |    59 ||    91
   Stab: Sleeping          |     4 |     1 ||     5
 Armour: Skin              |     2 |     2 ||     4
  Dodge: Dodged            |    27 |    19 ||    46

Table legend: (Time is in decaauts)
 A = Elapsed time spent in this place.
 B = Non-inter-level travel time spent in this place.
 C = Inter-level travel time spent in this place.
 D = Time resting spent in this place.
 E = Time spent auto-exploring this place.
 F = Levels seen in this place.
 G = Mean time per level.
                   A        B        C        D        E       F      G
               +--------+--------+--------+--------+--------+-----+--------+
         Total |   1670 |   1519 |    151 |     65 |   1075 |   4 |  417.5 |
       Dungeon |   1575 |   1424 |    151 |     65 |   1026 |   3 |  525.0 |
         Sewer |     95 |     95 |      0 |      0 |     49 |   1 |   95.0 |
               +--------+--------+--------+--------+--------+-----+--------+

Top non-repeatable levels by time:
     D:2: 859 daAuts
     D:1: 606 daAuts
     D:3: 110 daAuts
   Sewer: 95 daAuts
